 Dungeon Crawl Stone Soup version 0.29.0-4-gdea44cf6ec (webtiles) character file.

Game seed: 8282598910692758296

16046 qw the Brawler (level 12, -6/118 HPs)
             Began as a Troll Cinder Acolyte on Aug 31, 2022.
             Was a Believer of Ignis.
             Succumbed to Nessos's poison
             ... on level 3 of the Lair of Beasts.
             The game lasted 00:05:28 (8773 turns).

qw the Brawler (Troll Cinder Acolyte)               Turns: 8773, Time: 00:05:28

Health: -6/118     AC: 23    Str: 29    XL:     12   Next: 6%
Magic:  12/12      EV: 13    Int: 10    God:    Ignis [**....]
Gold:   416        SH:  0    Dex:  3    Spells: 13/13 levels left

rFire   + . .      SeeInvis .     - Unarmed
rCold   + . .      Faith    .   (no shield)
rNeg    . . .      Spirit   .   k - +1 steam dragon scales
rPois   .          Reflect  .   n - +2 hat
rElec   .          Harm     .   e - +1 cloak
rCorr   .          Rampage  .   (gloves unavailable)
Will    .....                   (boots unavailable)
Stlth   +.........              (no amulet)
HPRegen 1.09/turn               b - +4 ring of evasion
MPRegen 0.13/turn               g - +4 ring of protection

@: lethally poisoned (-6 -> -75), about to teleport, fiery-armoured
A: large, unfitting armour, claws 3, regeneration 1, shaggy fur 1, tough skin 1,
antennae 1, hooves 1, clumsy 1, cold resistance 1
a: Renounce Religion, Fiery Armour, Foxfire Swarm, Rising Flame


You were on level 3 of the Lair of Beasts.
You worshipped Ignis.
Ignis was pleased with you.
You visited 2 branches of the dungeon, and saw 11 of its levels.

You collected 590 gold pieces.
You spent 174 gold pieces at shops.


Innate Abilities, Weirdness & Mutations

You are too large for most types of armour.
You have claws for hands.
Your natural rate of healing is unusually fast.
You are covered in fur. (AC +1)
You have tough skin. (AC +1)
You have a pair of small antennae on your head.
You have large cloven feet.
You are clumsy. (Dex -2)
Your flesh is cold resistant. (rC+)


   Skills:
 - Level 7.1 Fighting
 - Level 4.1 Throwing
 - Level 2.0 Armour
 - Level 1.4 Dodging
 + Level 17.1 Unarmed Combat
 - Level 1.0 Spellcasting
 - Level 2.1 Fire Magic


You had 13 spell levels left.
You didn't know any spells.
Your spell library contained the following spells:

 Spells                   Type           Power      Damage    Failure   Level
 Scorch                   Fire           8%         2d5       22%         2

Inventory:

Missiles
 q - 7 boomerangs (quivered)
Armour
 a - the +3 hat of Pondering {ponderous, Will+ MP+10 Int+5}
   (You acquired it on level 2 of the Dungeon)

   Int:       It affects your intelligence (+5).
   MP:        It affects your magic capacity (+10).
   Will:      It increases your willpower.
 e - a +1 cloak (worn)
 k - +1 steam dragon scales (worn)
 n - a +2 hat (worn)
Jewellery
 b - a +4 ring of evasion (left claw)
 g - a +4 ring of protection (right claw)
Scrolls
 c - a scroll of summoning {unknown}
 f - 11 scrolls of identify
 j - 3 scrolls of teleportation
 l - a scroll of vulnerability {unknown}
 r - a scroll of enchant weapon
Potions
 d - 2 potions of cancellation
 h - 2 potions of might
 i - 7 potions of curing
 m - 2 potions of resistance
 o - a potion of mutation
 p - 4 potions of heal wounds

Dungeon Overview and Level Annotations

Branches:
Dungeon (8/15)             Temple (0/1) D:5            Lair (3/5) D:8
  Swamp (0/4) Lair:2
  Snake: Lair:2-3    Spider: Lair:2-3

Altars:
Cheibriados
Hepliaklqana
Kikubaaqudgha
Nemelex Xobeh
Qazlal
Ru
Sif Muna
Trog
Uskayaw
Xom

Shops:
D:3 [   D:4 *   D:5 *:*   D:6 [

Annotations:
D:8 3 runed translucent doors, qw's ghost, novice TeWr
Lair:3 Nessos


Message History

You feel sick.
Nessos casts a spell.
Nessos seems to speed up.
Nessos drinks a potion.
Nessos suddenly seems more resistant.
You feel sick.
Nessos gestures wildly while chanting.
Nessos blinks!
Nessos shoots an arrow.
The arrow hits you! The arrow burns you.
You are more poisoned.
You feel very sick.
Nessos unwields a +2 longbow of flaming.
It stops flaming.
Nessos hits you but does no damage.
Nessos resists.
Nessos is burned by your cloak of flames.
Nessos is lightly wounded.
Nessos kicks you but does no damage.
Nessos resists.
Nessos is burned by your cloak of flames.
Nessos is lightly wounded.
Nessos gestures wildly while chanting.
Nessos blinks!
You feel very sick.
Nessos wields a +2 longbow of flaming.
It bursts into flame!
Nessos shoots an arrow.
The arrow hits you.
You are more poisoned.
You feel very sick.
Nessos shoots an arrow.
The arrow barely misses you.
Nessos shoots an arrow.
The arrow barely misses you.
Nessos shoots an arrow.
The arrow hits you!! The arrow burns you.
You are more poisoned.
You feel extremely sick.
Nessos shoots an arrow.
The arrow hits you. The arrow burns you.
You are more poisoned.
Nessos shoots an arrow.
The arrow closely misses you.
You feel extremely sick.
Nessos shoots an arrow.
The arrow hits you! The arrow burns you.
You are lethally poisoned!
Nessos shoots an arrow.
The arrow hits you! The arrow burns you.
You are more poisoned.
8773 ||| READING 4 scrolls of teleportation.
As you read the scroll of teleportation, it crumbles to dust.
You feel strangely unstable.
You die...

....... #..
......# #...
.....# ##....
.....# #.....
.....##
##....##c.....+
...P#.#......P#.
.......@........
............P.###
.............P#.#
.................
....
................P
.....
P..P#.##.........
..... ##.P.#
#......... .....
#... #.........
..... .....
##.......### #.P.


You could see Nessos (fast, resistant).

Vanquished Creatures
  A hydra (Lair:1)
  Harold (Lair:1)
  A two-headed ogre (D:8)
  Amaemon (Lair:3)
  A slime creature (D:8)
  Pikel (D:4)
  A will-o-the-wisp (Lair:2)
  Maggie (Lair:1)
  An orange demon (Lair:3)
  2 cane toads
  3 komodo dragons (Lair:2)
  A polar bear (Lair:2)
  8 blink frogs
  Sigmund (D:2)
  24 yaks
  Eustachio (D:5)
  2 steam dragons
  11 water moccasins
  Duvessa (D:6)
  An orc warrior (D:6)
  A black bear (D:7)
  A sky beast (D:8)
  An ice beast (D:5)
  2 ogres
  4 wolves (Lair:1)
  3 centaurs
  A lemure (D:4)
  2 kobold brigands (D:7)
  11 bullfrogs
  2 necrophages
  4 scorpions
  Dowan (D:6)
  A howler monkey (D:5)
  A gnoll bouda (D:4)
  2 jellies (D:5)
  4 orc priests
  2 hounds
  Ijyb (D:4)
  4 iguanas
  7 orc wizards
  Natasha (thrice) (D:3)
  A mummy (D:4)
  11 gnolls
  12 adders
  2 shadow imps
  2 white imps
  An ufetubus (D:4)
  4 dart slugs
  3 worms (D:3)
  38 orcs
  7 endoplasms
  6 giant cockroaches
  16 goblins
  6 hobgoblins
  3 jackals (D:4)
  24 kobolds
  5 quokkas
  7 ball pythons
  5 bats
  4 frilled lizards
  3 hobgoblin zombies (D:4)
  A kobold zombie (D:4)
  6 rats
289 creatures vanquished.

Vanquished Creatures (others)
  4 fungi
  9 plants
13 creatures vanquished.

Grand Total: 302 creatures vanquished

Notes
Turn   | Place    | Note
-------+----------+-------------------------------------------
     0 | D:1      | qw the Troll Cinder Acolyte began the quest for the Orb.
     0 | D:1      | Reached XP level 1. HP: 22/22 MP: 1/1
     0 | D:1      | 0 ||| qw: Version: 0.1-a-97-g2dd2ca4
     0 | D:1      | 0 ||| qw: Game counter: 4652
     0 | D:1      | 0 ||| qw: Always use a shield: true
     0 | D:1      | 0 ||| qw: God list: Okawaru
     0 | D:1      | 0 ||| qw: Allow faded altars: false
     0 | D:1      | 0 ||| qw: Do Orc after D:15 true
     0 | D:1      | 0 ||| qw: Do second Lair branch before Depths: true
     0 | D:1      | 0 ||| qw: Lair rune preference: random
     0 | D:1      | 0 ||| qw: Plans: Normal
     0 | D:1      | 0 ||| PLANNING D:1-11
   157 | D:1      | 157 ||| Stepping ~*~*~tactically~*~*~ (hiding).
   162 | D:1      | 162 ||| Stepping ~*~*~tactically~*~*~ (hiding).
   337 | D:1      | Reached XP level 2. HP: 29/29 MP: 2/2
   706 | D:1      | 706 ||| UPGRADING to +0 cloak.
   711 | D:1      | 711 ||| UPGRADING to +4 ring of evasion.
   712 | D:1      | 712 ||| READING scroll labelled VOUT KYETSEG.
   713 | D:1      | 713 ||| READING scroll labelled UXINOU PARAZ.
   714 | D:1      | 714 ||| READING scroll labelled MINEOFEQOCW.
   729 | D:1      | 729 ||| READING scroll labelled ILO LE IGOR.
   764 | D:2      | 764 ||| Stepping ~*~*~tactically~*~*~ (stealth).
   766 | D:2      | 766 ||| Stepping ~*~*~tactically~*~*~ (stealth).
   779 | D:2      | Reached skill level 4 in Unarmed Combat
   820 | D:2      | 820 ||| Stepping ~*~*~tactically~*~*~ (stealth).
   860 | D:2      | Reached XP level 3. HP: 36/36 MP: 3/3
   902 | D:2      | 902 ||| Stepping ~*~*~tactically~*~*~ (hiding).
   905 | D:2      | Noticed Sigmund
   912 | D:2      | Killed Sigmund
   913 | D:2      | Reached skill level 6 in Unarmed Combat
   913 | D:2      | Reached XP level 4. HP: 44/44 MP: 4/4
   913 | D:2      | Reached XP level 5. HP: 50/50 MP: 5/5
  1065 | D:2      | Found a hide-covered altar of Uskayaw.
  1092 | D:2      | 1092 ||| Stepping ~*~*~tactically~*~*~ (hiding).
  1108 | D:2      | Found a faded altar of an unknown god.
  1234 | D:2      | 1234 ||| Stepping ~*~*~tactically~*~*~ (hiding).
  1237 | D:2      | 1237 ||| Stepping ~*~*~tactically~*~*~ (stealth).
  1542 | D:2      | 1542 ||| UPGRADING to +2 robe of positive energy.
  1552 | D:2      | 1552 ||| DROPPING +0 robe.
  1553 | D:2      | 1553 ||| READING 4 scrolls labelled ASCHATI FIPHO.
  1554 | D:2      | 1554 ||| READING scroll labelled FIDEIF LAISATIU.
  1554 | D:2      | Identified a scroll of acquirement
  1554 | D:2      | 1554 ||| ACQUIRING +3 hat of Pondering {ponderous, Will+
                  | MP+10 Int+5}
  1554 | D:2      | Acquired the +3 hat of Pondering {ponderous, Will+ MP+10
                  | Int+5}
  1554 | D:2      | Found the +3 hat of Pondering {ponderous, Will+ MP+10
                  | Int+5}
  1556 | D:2      | 1556 ||| READING scroll labelled AMISOSCH XUAKK.
  1557 | D:2      | 1557 ||| DRINKING 2 fuming white potions.
  1558 | D:2      | 1558 ||| DRINKING 2 fizzy emerald potions.
  1559 | D:2      | 1559 ||| READING 3 scrolls of identify.
  1559 | D:2      | 1559 ||| IDENTIFYING bubbling dark potion
  1560 | D:2      | 1560 ||| READING 2 scrolls of identify.
  1560 | D:2      | 1560 ||| IDENTIFYING fuming grey potion
  1561 | D:2      | 1561 ||| DROPPING potion of attraction.
  1562 | D:2      | 1562 ||| DROPPING potion of brilliance.
  1563 | D:2      | 1563 ||| DROPPING potion of degeneration.
  1599 | D:3      | 1599 ||| Stepping ~*~*~tactically~*~*~ (hiding).
  1873 | D:3      | 1873 ||| INVOKING Fiery Armour.
  1925 | D:3      | 1925 ||| Stepping ~*~*~tactically~*~*~ (stealth).
  1929 | D:3      | 1929 ||| Stepping ~*~*~tactically~*~*~ (stealth).
  1933 | D:3      | 1933 ||| Stepping ~*~*~tactically~*~*~ (stealth).
  1940 | D:3      | Reached XP level 6. HP: 59/59 MP: 6/6
  1944 | D:3      | Found an ancient bone altar of Kikubaaqudgha.
  1982 | D:3      | Noticed Natasha
  1985 | D:3      | Killed Natasha
  1986 | D:3      | Reached skill level 7 in Unarmed Combat
  2013 | D:3      | Found Onit Netz's Antique Armour Shoppe.
  2023 | D:3      | 2023 ||| SHOPLISTING glowing robe (92 gold, have 49).
  2062 | D:3      | Found a shimmering blue altar of Sif Muna.
  2123 | D:3      | Found a sparkling altar of Nemelex Xobeh.
  2167 | D:3      | Noticed Natasha
  2172 | D:3      | Killed Natasha
  2239 | D:3      | Noticed Natasha
  2240 | D:3      | 2240 ||| Stepping ~*~*~tactically~*~*~ (stealth).
  2292 | D:3      | 2292 ||| Stepping ~*~*~tactically~*~*~ (stealth).
  2319 | D:3      | 2319 ||| Stepping ~*~*~tactically~*~*~ (stealth).
  2324 | D:3      | 2324 ||| Stepping ~*~*~tactically~*~*~ (hiding).
  2548 | D:3      | Killed Natasha
  2655 | D:3      | 2655 ||| UPGRADING to +1 hat.
  2660 | D:3      | 2660 ||| DROPPING amulet of magic regeneration.
  2661 | D:3      | 2661 ||| UPGRADING to +4 ring of protection.
  2662 | D:3      | 2662 ||| READING 3 scrolls labelled ATISUSHRYTSE.
  2666 | D:3      | 2666 ||| READING 2 scrolls labelled YSINAX UPHENWI.
  2667 | D:3      | 2667 ||| READING scroll of enchant armour.
  2667 | D:3      | 2667 ||| ENCHANTING +1 hat.
  2668 | D:3      | 2668 ||| READING scroll labelled GOGHESTROYMM.
  2769 | D:3      | 2769 ||| READING 4 scrolls of identify.
  2769 | D:3      | 2769 ||| IDENTIFYING clear potion
  2823 | D:4      | 2823 ||| STAIRDANCE
  2888 | D:4      | 2888 ||| Stepping ~*~*~tactically~*~*~ (hiding).
  2892 | D:4      | 2892 ||| Stepping ~*~*~tactically~*~*~ (stealth).
  2896 | D:4      | 2896 ||| INVOKING Fiery Armour.
  2902 | D:4      | Reached skill level 8 in Unarmed Combat
  2907 | D:4      | Reached XP level 7. HP: 66/66 MP: 7/7
  2966 | D:4      | 2966 ||| Stepping ~*~*~tactically~*~*~ (stealth).
  2967 | D:4      | Noticed Pikel
  2968 | D:4      | 2968 ||| Stepping ~*~*~tactically~*~*~ (stealth).
  2976 | D:4      | 2976 ||| Stepping ~*~*~tactically~*~*~ (outnumbered).
  2980 | D:4      | 2980 ||| Stepping ~*~*~tactically~*~*~ (outnumbered).
  2987 | D:4      | Killed Pikel
  2988 | D:4      | Reached XP level 8. HP: 80/80 MP: 8/8
  3075 | D:4      | Found Yhifryeh's Assorted Antiques.
  3091 | D:4      | 3091 ||| BUYING pink potion (18 gold).
  3091 | D:4      | Bought a pink potion for 18 gold pieces
  3091 | D:4      | 3091 ||| BUYING scroll of identify (42 gold).
  3091 | D:4      | Bought a scroll of identify for 42 gold pieces
  3091 | D:4      | 3091 ||| SHOPLISTING scroll of teleportation (63 gold, have
                  | 47).
  3125 | D:4      | 3125 ||| Stepping ~*~*~tactically~*~*~ (stealth).
  3137 | D:4      | 3137 ||| Stepping ~*~*~tactically~*~*~ (stealth).
  3149 | D:4      | 3149 ||| Stepping ~*~*~tactically~*~*~ (stealth).
  3151 | D:4      | 3151 ||| Stepping ~*~*~tactically~*~*~ (stealth).
  3153 | D:4      | 3153 ||| Stepping ~*~*~tactically~*~*~ (stealth).
  3411 | D:4      | Noticed Ijyb
  3412 | D:4      | 3412 ||| Stepping ~*~*~tactically~*~*~ (hiding).
  3413 | D:4      | 3413 ||| Stepping ~*~*~tactically~*~*~ (hiding).
  3414 | D:4      | 3414 ||| Stepping ~*~*~tactically~*~*~ (hiding).
  3423 | D:4      | Killed Ijyb
  3445 | D:4      | 3445 ||| Stepping ~*~*~tactically~*~*~ (outnumbered).
  3450 | D:4      | 3450 ||| Stepping ~*~*~tactically~*~*~ (outnumbered).
  3490 | D:4      | Reached skill level 9 in Unarmed Combat
  3515 | D:4      | 3515 ||| INVOKING Fiery Armour.
  3518 | D:4      | 3518 ||| Stepping ~*~*~tactically~*~*~ (outnumbered).
  3519 | D:4      | 3519 ||| Stepping ~*~*~tactically~*~*~ (outnumbered).
  3520 | D:4      | 3520 ||| Stepping ~*~*~tactically~*~*~ (outnumbered).
  3527 | D:4      | 3527 ||| Stepping ~*~*~tactically~*~*~ (outnumbered).
  3532 | D:4      | Reached skill level 1 in Dodging
  3561 | D:4      | 3561 ||| READING scroll of enchant armour.
  3561 | D:4      | 3561 ||| ENCHANTING +0 cloak.
  3755 | D:4      | 3755 ||| Stepping ~*~*~tactically~*~*~ (stealth).
  3837 | D:4      | 3837 ||| READING scroll labelled BUOSTR HEUF.
  3838 | D:4      | 3838 ||| DRINKING 2 bubbling grey potions.
  3839 | D:4      | 3839 ||| DRINKING 2 metallic amethyst potions.
  3839 | D:4      | Gained mutation: You have large cloven feet. [potion of
                  | mutation]
  3839 | D:4      | Gained mutation: Your flesh is cold resistant. (rC+)
                  | [potion of mutation]
  3839 | D:4      | Gained mutation: You are clumsy. (Dex -2) [potion of
                  | mutation]
  3839 | D:4      | Gained mutation: You have a pair of small antennae on your
                  | head. [potion of mutation]
  3840 | D:4      | 3840 ||| READING 5 scrolls of identify.
  3840 | D:4      | 3840 ||| IDENTIFYING pink potion
  3841 | D:4      | 3841 ||| READING 4 scrolls of identify.
  3841 | D:4      | 3841 ||| IDENTIFYING bubbling black potion
  3842 | D:4      | 3842 ||| DROPPING potion of ambrosia.
  3851 | D:5      | Entered Level 5 of the Dungeon
  3895 | D:5      | Noticed Eustachio
  3919 | D:5      | Killed Eustachio
  3920 | D:5      | Reached skill level 10 in Unarmed Combat
  3927 | D:5      | Found Synoar's Book Shop.
  4000 | D:5      | 4000 ||| Stepping ~*~*~tactically~*~*~ (stealth).
  4011 | D:5      | Reached XP level 9. HP: 88/88 MP: 9/9
  4032 | D:5      | 4032 ||| Stepping ~*~*~tactically~*~*~ (stealth).
  4055 | D:5      | 4055 ||| Stepping ~*~*~tactically~*~*~ (hiding).
  4056 | D:5      | 4056 ||| Stepping ~*~*~tactically~*~*~ (hiding).
  4138 | D:5      | Found Xier's General Store.
  4151 | D:5      | 4151 ||| BUYING potion of might (56 gold).
  4151 | D:5      | Bought a potion of might for 56 gold pieces
  4151 | D:5      | 4151 ||| BUYING scroll of identify (28 gold).
  4151 | D:5      | Bought a scroll of identify for 28 gold pieces
  4206 | D:5      | Found a staircase to the Ecumenical Temple.
  4237 | D:5      | Reached skill level 1 in Throwing
  4272 | D:5      | Found Enosk's Assorted Antiques.
  4291 | D:5      | 4291 ||| SHOPLISTING granite ring (150 gold, have 53).
  4291 | D:5      | 4291 ||| BUYING scroll labelled COAMYGAATA (30 gold).
  4291 | D:5      | Bought a scroll labelled COAMYGAATA for 30 gold pieces
  4291 | D:5      | 4291 ||| SHOPLISTING scroll of identify (60 gold, have 23).
  4478 | D:5      | 4478 ||| DROPPING +0 robe of cold resistance.
  4479 | D:5      | 4479 ||| UPGRADING to +0 steam dragon scales.
  4489 | D:5      | 4489 ||| DROPPING +2 robe of positive energy.
  4490 | D:5      | 4490 ||| READING scroll labelled COAMYGAATA.
  4544 | D:6      | 4544 ||| Stepping ~*~*~tactically~*~*~ (hiding).
  4545 | D:6      | 4545 ||| Stepping ~*~*~tactically~*~*~ (hiding).
  4655 | D:6      | Noticed Dowan
  4656 | D:6      | Noticed Duvessa
  4657 | D:6      | 4657 ||| INVOKING Fiery Armour.
  4663 | D:6      | Killed Dowan
  4664 | D:6      | Reached skill level 1 in Armour
  4664 | D:6      | Killed Duvessa
  4665 | D:6      | Reached skill level 11 in Unarmed Combat
  4671 | D:6      | 4671 ||| Stepping ~*~*~tactically~*~*~ (outnumbered).
  4672 | D:6      | 4672 ||| Stepping ~*~*~tactically~*~*~ (outnumbered).
  4673 | D:6      | 4673 ||| Stepping ~*~*~tactically~*~*~ (outnumbered).
  4674 | D:6      | 4674 ||| Stepping ~*~*~tactically~*~*~ (outnumbered).
  4680 | D:6      | 4680 ||| Stepping ~*~*~tactically~*~*~ (stealth).
  4684 | D:6      | 4684 ||| Stepping ~*~*~tactically~*~*~ (hiding).
  4730 | D:6      | 4730 ||| FLEEEEING.
  4731 | D:6      | 4731 ||| FLEEEEING.
  4732 | D:6      | 4732 ||| FLEEEEING.
  4733 | D:6      | 4733 ||| Stepping ~*~*~tactically~*~*~ (hiding).
  4740 | D:6      | 4740 ||| Stepping ~*~*~tactically~*~*~ (outnumbered).
  4742 | D:6      | 4742 ||| Stepping ~*~*~tactically~*~*~ (outnumbered).
  4743 | D:6      | 4743 ||| Stepping ~*~*~tactically~*~*~ (outnumbered).
  4744 | D:6      | 4744 ||| Stepping ~*~*~tactically~*~*~ (outnumbered).
  4745 | D:6      | 4745 ||| Stepping ~*~*~tactically~*~*~ (outnumbered).
  4746 | D:6      | 4746 ||| Stepping ~*~*~tactically~*~*~ (outnumbered).
  4747 | D:6      | 4747 ||| Stepping ~*~*~tactically~*~*~ (outnumbered).
  4748 | D:6      | 4748 ||| Stepping ~*~*~tactically~*~*~ (outnumbered).
  4749 | D:6      | 4749 ||| Stepping ~*~*~tactically~*~*~ (outnumbered).
  4750 | D:6      | 4750 ||| Stepping ~*~*~tactically~*~*~ (outnumbered).
  4751 | D:6      | 4751 ||| Stepping ~*~*~tactically~*~*~ (outnumbered).
  4752 | D:6      | 4752 ||| Stepping ~*~*~tactically~*~*~ (outnumbered).
  4753 | D:6      | 4753 ||| Stepping ~*~*~tactically~*~*~ (outnumbered).
  4754 | D:6      | 4754 ||| Stepping ~*~*~tactically~*~*~ (outnumbered).
  4755 | D:6      | 4755 ||| Stepping ~*~*~tactically~*~*~ (outnumbered).
  4756 | D:6      | 4756 ||| Stepping ~*~*~tactically~*~*~ (outnumbered).
  4757 | D:6      | 4757 ||| Stepping ~*~*~tactically~*~*~ (outnumbered).
  4758 | D:6      | 4758 ||| Stepping ~*~*~tactically~*~*~ (outnumbered).
  4775 | D:6      | 4775 ||| Stepping ~*~*~tactically~*~*~ (stealth).
  5064 | D:6      | Found Baapa's Antique Armour Shop.
  5111 | D:6      | Found a bloodstained altar of Trog.
  5153 | D:6      | 5153 ||| READING scroll labelled HESCHA RALO.
  5154 | D:6      | 5154 ||| DRINKING 2 bubbling white potions.
  5208 | D:7      | Found a stormy altar of Qazlal.
  5248 | D:7      | 5248 ||| Stepping ~*~*~tactically~*~*~ (hiding).
  5250 | D:7      | 5250 ||| Stepping ~*~*~tactically~*~*~ (hiding).
  5253 | D:7      | 5253 ||| Stepping ~*~*~tactically~*~*~ (hiding).
  5255 | D:7      | 5255 ||| Stepping ~*~*~tactically~*~*~ (outnumbered).
  5258 | D:7      | 5258 ||| Stepping ~*~*~tactically~*~*~ (outnumbered).
  5259 | D:7      | 5259 ||| Stepping ~*~*~tactically~*~*~ (outnumbered).
  5260 | D:7      | 5260 ||| Stepping ~*~*~tactically~*~*~ (outnumbered).
  5263 | D:7      | 5263 ||| INVOKING Fiery Armour.
  5264 | D:7      | 5264 ||| Stepping ~*~*~tactically~*~*~ (outnumbered).
  5265 | D:7      | 5265 ||| Stepping ~*~*~tactically~*~*~ (outnumbered).
  5266 | D:7      | 5266 ||| Stepping ~*~*~tactically~*~*~ (outnumbered).
  5268 | D:7      | 5268 ||| Stepping ~*~*~tactically~*~*~ (outnumbered).
  5270 | D:7      | 5270 ||| Stepping ~*~*~tactically~*~*~ (outnumbered).
  5278 | D:7      | Reached skill level 12 in Unarmed Combat
  5314 | D:7      | 5314 ||| Stepping ~*~*~tactically~*~*~ (stealth).
  5316 | D:7      | 5316 ||| Stepping ~*~*~tactically~*~*~ (stealth).
  5317 | D:7      | 5317 ||| Stepping ~*~*~tactically~*~*~ (stealth).
  5324 | D:7      | 5324 ||| Stepping ~*~*~tactically~*~*~ (outnumbered).
  5327 | D:7      | 5327 ||| Stepping ~*~*~tactically~*~*~ (outnumbered).
  5329 | D:7      | 5329 ||| Stepping ~*~*~tactically~*~*~ (outnumbered).
  5331 | D:7      | 5331 ||| Stepping ~*~*~tactically~*~*~ (outnumbered).
  5372 | D:7      | Found a hazy altar of Hepliaklqana.
  5946 | D:8      | Found a snail-covered altar of Cheibriados.
  5980 | D:8      | Found a staircase to the Lair.
  6023 | D:8      | 6023 ||| INVOKING Fiery Armour.
  6026 | D:8      | Reached skill level 13 in Unarmed Combat
  6026 | D:8      | Reached XP level 10. HP: 88/96 MP: 10/10
  6079 | D:8      | 6079 ||| Stepping ~*~*~tactically~*~*~ (outnumbered).
  6080 | D:8      | 6080 ||| Stepping ~*~*~tactically~*~*~ (outnumbered).
  6081 | D:8      | 6081 ||| Stepping ~*~*~tactically~*~*~ (outnumbered).
  6082 | D:8      | 6082 ||| Stepping ~*~*~tactically~*~*~ (outnumbered).
  6083 | D:8      | 6083 ||| Stepping ~*~*~tactically~*~*~ (outnumbered).
  6083 | D:8      | Found a runed translucent gate.
  6083 | D:8      | Found a runed translucent gate.
  6083 | D:8      | Found a runed translucent gate.
  6084 | D:8      | 6084 ||| Stepping ~*~*~tactically~*~*~ (outnumbered).
  6085 | D:8      | 6085 ||| Stepping ~*~*~tactically~*~*~ (outnumbered).
  6086 | D:8      | 6086 ||| Stepping ~*~*~tactically~*~*~ (outnumbered).
  6087 | D:8      | 6087 ||| Stepping ~*~*~tactically~*~*~ (outnumbered).
  6088 | D:8      | 6088 ||| Stepping ~*~*~tactically~*~*~ (outnumbered).
  6089 | D:8      | 6089 ||| Stepping ~*~*~tactically~*~*~ (outnumbered).
  6092 | D:8      | 6092 ||| Stepping ~*~*~tactically~*~*~ (outnumbered).
  6098 | D:8      | Reached skill level 3 in Throwing
  6180 | D:8      | 6180 ||| Stepping ~*~*~tactically~*~*~ (outnumbered).
  6181 | D:8      | 6181 ||| Stepping ~*~*~tactically~*~*~ (outnumbered).
  6182 | D:8      | 6182 ||| Stepping ~*~*~tactically~*~*~ (outnumbered).
  6183 | D:8      | 6183 ||| Stepping ~*~*~tactically~*~*~ (outnumbered).
  6184 | D:8      | 6184 ||| Stepping ~*~*~tactically~*~*~ (outnumbered).
  6196 | D:8      | Reached skill level 14 in Unarmed Combat
  6252 | D:8      | 6252 ||| Stepping ~*~*~tactically~*~*~ (hiding).
  6385 | D:8      | Noticed a two-headed ogre
  6391 | D:8      | Killed a two-headed ogre
  6392 | D:8      | Reached skill level 6 in Fighting
  6432 | D:8      | Noticed qw's ghost (novice TeWr)
  6433 | D:8      | Noticed qw's ghost (novice TeWr)
  6433 | D:8      | Noticed qw's ghost (novice TeWr)
  6434 | D:8      | Noticed qw's ghost (novice TeWr)
  6446 | D:8      | Found a flagged portal.
  6449 | D:8      | 6449 ||| Stepping ~*~*~tactically~*~*~ (stealth).
  6489 | D:8      | 6489 ||| Stepping ~*~*~tactically~*~*~ (stealth).
  6496 | D:8      | 6496 ||| Stepping ~*~*~tactically~*~*~ (stealth).
  6497 | D:8      | 6497 ||| Stepping ~*~*~tactically~*~*~ (stealth).
  6505 | D:8      | Found a shimmering altar of Xom.
  6575 | D:8      | 6575 ||| READING scroll of enchant armour.
  6575 | D:8      | 6575 ||| ENCHANTING +0 steam dragon scales.
  6764 | D:8      | 6764 ||| READING scroll labelled XESOTI REBUKK.
  6765 | D:8      | 6765 ||| PLANNING LAIR
  6792 | Lair:1   | Entered Level 1 of the Lair of Beasts
  6894 | Lair:1   | Noticed Maggie
  6895 | Lair:1   | 6895 ||| Stepping ~*~*~tactically~*~*~ (hiding).
  6908 | Lair:1   | Killed Maggie
  6921 | Lair:1   | Reached XP level 11. HP: 73/105 MP: 11/11
  7025 | Lair:1   | Noticed a six-headed hydra
  7026 | Lair:1   | 7026 ||| INVOKING Fiery Armour.
  7032 | Lair:1   | Killed an eight-headed hydra
  7051 | Lair:1   | Found a sacrificial altar of Ru.
  7234 | Lair:1   | 7234 ||| Stepping ~*~*~tactically~*~*~ (stealth).
  7235 | Lair:1   | 7235 ||| INVOKING Fiery Armour.
  7241 | Lair:1   | 7241 ||| Stepping ~*~*~tactically~*~*~ (outnumbered).
  7242 | Lair:1   | 7242 ||| Stepping ~*~*~tactically~*~*~ (outnumbered).
  7245 | Lair:1   | 7245 ||| Stepping ~*~*~tactically~*~*~ (outnumbered).
  7246 | Lair:1   | 7246 ||| Stepping ~*~*~tactically~*~*~ (outnumbered).
  7249 | Lair:1   | Reached skill level 15 in Unarmed Combat
  7407 | Lair:1   | Noticed Harold
  7413 | Lair:1   | Killed Harold
  7575 | Lair:1   | 7575 ||| Stepping ~*~*~tactically~*~*~ (stealth).
  7702 | Lair:1   | 7702 ||| DROPPING ring of willpower.
  7703 | Lair:1   | 7703 ||| DRINKING 3 grey potions.
  7726 | Lair:1   | 7726 ||| DROPPING 2 potions of lignification.
  7801 | Lair:2   | 7801 ||| Stepping ~*~*~tactically~*~*~ (stealth).
  7803 | Lair:2   | 7803 ||| Stepping ~*~*~tactically~*~*~ (stealth).
  7830 | Lair:2   | 7830 ||| INVOKING Fiery Armour.
  7832 | Lair:2   | 7832 ||| Stepping ~*~*~tactically~*~*~ (outnumbered).
  7833 | Lair:2   | 7833 ||| Stepping ~*~*~tactically~*~*~ (outnumbered).
  7834 | Lair:2   | 7834 ||| Stepping ~*~*~tactically~*~*~ (outnumbered).
  7835 | Lair:2   | 7835 ||| Stepping ~*~*~tactically~*~*~ (outnumbered).
  7841 | Lair:2   | Reached skill level 16 in Unarmed Combat
  8203 | Lair:2   | 8203 ||| Stepping ~*~*~tactically~*~*~ (stealth).
  8205 | Lair:2   | 8205 ||| INVOKING Fiery Armour.
  8207 | Lair:2   | 8207 ||| Stepping ~*~*~tactically~*~*~ (outnumbered).
  8283 | Lair:2   | Found a staircase to the Swamp.
  8556 | Lair:2   | 8556 ||| READING 12 scrolls of identify.
  8556 | Lair:2   | 8556 ||| IDENTIFYING glowing puce potion
  8557 | Lair:2   | 8557 ||| DROPPING potion of berserk rage.
  8644 | Lair:3   | 8644 ||| Stepping ~*~*~tactically~*~*~ (stealth).
  8651 | Lair:3   | 8651 ||| Stepping ~*~*~tactically~*~*~ (outnumbered).
  8652 | Lair:3   | 8652 ||| Stepping ~*~*~tactically~*~*~ (outnumbered).
  8653 | Lair:3   | 8653 ||| Stepping ~*~*~tactically~*~*~ (outnumbered).
  8654 | Lair:3   | 8654 ||| Stepping ~*~*~tactically~*~*~ (outnumbered).
  8658 | Lair:3   | 8658 ||| Stepping ~*~*~tactically~*~*~ (outnumbered).
  8659 | Lair:3   | 8659 ||| Stepping ~*~*~tactically~*~*~ (outnumbered).
  8660 | Lair:3   | 8660 ||| Stepping ~*~*~tactically~*~*~ (outnumbered).
  8661 | Lair:3   | 8661 ||| Stepping ~*~*~tactically~*~*~ (outnumbered).
  8662 | Lair:3   | 8662 ||| Stepping ~*~*~tactically~*~*~ (outnumbered).
  8664 | Lair:3   | 8664 ||| Stepping ~*~*~tactically~*~*~ (outnumbered).
  8665 | Lair:3   | 8665 ||| Stepping ~*~*~tactically~*~*~ (outnumbered).
  8666 | Lair:3   | 8666 ||| Stepping ~*~*~tactically~*~*~ (outnumbered).
  8667 | Lair:3   | 8667 ||| Stepping ~*~*~tactically~*~*~ (outnumbered).
  8671 | Lair:3   | 8671 ||| Stepping ~*~*~tactically~*~*~ (outnumbered).
  8707 | Lair:3   | Noticed Amaemon
  8711 | Lair:3   | Reached XP level 12. HP: 118/118 MP: 12/12
  8723 | Lair:3   | Killed Amaemon
  8724 | Lair:3   | Reached skill level 17 in Unarmed Combat
  8765 | Lair:3   | Noticed Nessos
  8766 | Lair:3   | 8766 ||| INVOKING Fiery Armour.
  8772 | Lair:3   | HP: 14/118 [Nessos/arrow (16)]
  8773 | Lair:3   | 8773 ||| READING 4 scrolls of teleportation.
  8773 | Lair:3   | Succumbed to Nessos's poison

Levels and vault maps discovered:
D:1:      lemuel_arrival_cross, layout_loops_ring, minmay_cut_off
D:2:      layout_loops_ring, basic_altar, dreamdust_ecumenical_altar_statues,
          uniq_sigmund
D:3:      minmay_door_path, layout_loops_ring, kiku_gazebo_pond_becter,
          mainiacjoe_overflow_small_starburst, mainiacjoe_overflow_alcove_4,
          serial_shops, nicolae_lakefront_shop, minmay_joined_circles,
          uniq_natasha
D:4:      layout_gridville, serial_shops, nicolae_shop_hallway_stairs,
          chequers_serial_rivers_micro_b, minmay_mini_ossuary, uniq_ijyb,
          uniq_pikel
D:5:      layout_loops_ring, temple_fountains, serial_shops,
          nicolae_shop_window_shopping, nicolae_shop_statue_plus, shop,
          uniq_eustachio
D:6:      layout_cave_pools, lemuel_coloured_pillars_altar, serial_shops,
          kennysheep_little_box, kennysheep_nub, uniq_duvessa
D:7:      layout_gridville, mainiacjoe_overflow_chevrons,
          nicolae_overflow_crystal_walls, amcnicky_mini_corridor_feature
D:8:      layout_basic, tgw_xom, general_overflow_altar, lair_entry_dummy,
          enter_bailey_5, gammafunk_ghost_cemetery
Lair:1:   layout_roguey, basic_altar, uniq_harold, uniq_maggie
Lair:2:   layout_loops_ring, minmay_swamp_entry_wisps, grunt_megastairs_4
Lair:3:   layout_regular_city, minmay_snake_entry_spellcaster, uniq_nessos,
          uniq_amaemon

Skill      XL: |  1  2  3  4  5  6  7  8  9 10 11 12 |
---------------+-------------------------------------+-----
Unarmed Combat | 4 6 8 10 13 14 16 17 | 17.1
Fighting       | 5 6 7 |  7.1
Dodging        | 1 |  1.4
Throwing       | 2 3 4 |  4.1
Armour         | 1 2 |  2.0
Spellcasting   | |  1.0
Fire Magic     | |  2.1

Action                   |  1- 3 |  4- 6 |  7- 9 | 10-12 || total
-------------------------+-------+-------+-------+-------++-------
Melee: Unarmed           |    61 |   148 |   284 |   217 ||   710
       Punch             |       |     5 |     4 |    16 ||    25
       Kick              |       |       |    26 |    42 ||    68
Throw: Boomerang         |       |     8 |    50 |    19 ||    77
       Javelin           |       |       |       |    38 ||    38
Invok: Fiery Armour      |       |     2 |     4 |     5 ||    11
  Use: Scroll            |     4 |    10 |     6 |     4 ||    24
       Potion            |       |     2 |     3 |     1 ||     6
Armor: Robe              |    17 |    33 |    42 |       ||    92
       Steam dragon scal |       |       |    46 |    84 ||   130
Dodge: Dodged            |    22 |    51 |   185 |   121 ||   379

Table legend:
 A = Non-vault XP
 B = Vault XP
 C = Vault XP percentage of total XP
 D = Non-vault monster count
 E = Vault monster count
 F = Vault count percentage of total count
                 A         B        C        D         E       F
            +---------+---------+-------+---------+---------+-------
      Total |   18084 |    4840 |  21.1 |     241 |      47 |  16.3
            +---------+---------+-------+---------+---------+-------
        D:1 |      18 |       4 |  18.2 |      10 |       3 |  23.1
        D:2 |      64 |     231 |  78.3 |      22 |       1 |   4.3
        D:3 |     223 |      84 |  27.4 |      28 |      18 |  39.1
        D:4 |     749 |     743 |  49.8 |      38 |       7 |  15.6
        D:5 |     899 |     197 |  18.0 |      25 |       1 |   3.8
        D:6 |     786 |     211 |  21.2 |      30 |       2 |   6.2
        D:7 |     788 |       0 |   0.0 |      20 |       0 |   0.0
        D:8 |    4459 |     339 |   7.1 |      21 |      10 |  32.3
     Lair:1 |    3752 |    1277 |  25.4 |      18 |       2 |  10.0
     Lair:2 |    5029 |     578 |  10.3 |      22 |       1 |   4.3
     Lair:3 |    1317 |    1176 |  47.2 |       7 |       2 |  22.2
            +---------+---------+-------+---------+---------+-------
